 Dungeon Crawl Stone Soup version 0.24-a0-22-g2a401c0 (webtiles) character file.

Game seed: 5514856917413893672

0 Lobster the Ducker (level 1, -2/11 HPs)
             Began as a Spriggan Abyssal Knight on Feb 1, 2019.
             Was a Follower of Lugonu.
             Slain by a neqoxec (13 damage)
             ... on level 1 of the Abyss.
             The game lasted 00:01:21 (247 turns).

Lobster the Ducker (Spriggan Abyssal Knight)         Turns: 247, Time: 00:01:22

Health: -2/11      AC:  2    Str:  8    XL:     1   Next: 0%
Magic:  3/3        EV: 18    Int: 13    God:    Lugonu [*.....]
Gold:   0          SH:  0    Dex: 15    Spells: 0/0 levels left

rFire    . . .     SeeInvis +   a - +1 short sword
rCold    . . .     Gourm    .   (shield restricted)
rNeg     . . .     Faith    .   b - +0 robe
rPois    .         Spirit   .   (helmet restricted)
rElec    .         Reflect  .   (no cloak)
rCorr    .         Harm     .   (gloves unavailable)
MR       .....                  (boots unavailable)
Stlth    +.........             (no amulet)
HPRegen  0.03/turn              (no ring)
MPRegen  0.08/turn              (no ring)

@: very quick
A: very small, unfitting armour, see invisible, herbivore, speed 3, slow
metabolism 2
a: Depart the Abyss, Renounce Religion


You were on level 1 of the Abyss.
You worshipped Lugonu.
Lugonu was aware of your devotion.
You were not hungry.

You visited 0 branches of the dungeon, and saw 0 of its levels.
You visited the Abyss 1 time.

Inventory:

Hand Weapons
 a - a +1 short sword (weapon)
Armour
 b - a +0 robe (worn)
Scrolls
 d - a scroll of amnesia {unknown}
Comestibles
 c - 2 rations


   Skills:
 + Level 2.4 Fighting
 + Level 2.1 Short Blades
 + Level 3.5 Dodging
 + Level 1.7 Invocations


You couldn't memorise any spells.
You didn't know any spells.
Your spell library was empty.

Dungeon Overview and Level Annotations

Branches:
Dungeon (0/15)

Altars:


Innate Abilities, Weirdness & Mutations

You are very small and have problems with some larger weapons.
You are too small for most types of armour.
You have supernaturally acute eyesight. (SInv)
You are a herbivore.
You cover ground extremely quickly.
You need to consume almost no food.


Message History

You see here a robe.
A demonic crawler comes into view.
The demonic crawler gives a hideous shriek!
Found a scroll labeled JAMOMEKHLUKK.
Found a scroll labeled JAMOMEKHLUKK.
You see here a scroll labeled JAMOMEKHLUKK.
d - a scroll labeled JAMOMEKHLUKK An insubstantial wisp comes into view.
The insubstantial wisp gives a chilling moan.
An ufetubus comes into view.
A starcursed mass comes into view.
Found a bubbling pink potion.
A large abomination comes into view.
Found a ration.
c - 2 rations (gained 1)
A large abomination comes into view.
The neqoxec shouts!
The neqoxec hits you!
Ouch! That really hurt!
You die...

#. .. ## ## . #.
##. #..# .. .# .
#..#.#.##.#..
#.......... #
#..##..##.###
########..#....# #
#.#..#s.........##
#@3..#...######..
#...#####.#.....
#. #.#...
..X.#.#...## ..
..##.#.....#...# #
#.. ... #.#.
##.#..... .. ##..
##.. #....#. . #
.## #.. # #.## #
.# #. #. . ..


You could see a demonic crawler and a neqoxec.

Vanquished Creatures (others)
  2 starspawn tentacles (Abyss:1)
2 creatures vanquished.

Notes
Turn   | Place    | Note
-------+----------+-------------------------------------------
     0 | Abyss:1  | Lobster the Spriggan Abyssal Knight began the quest for the
                  | Orb.
     0 | Abyss:1  | Reached XP level 1. HP: 11/11 MP: 3/3
     0 | Abyss:1  | Found a shadowy altar of Dithmenos.
    30 | Abyss:1  | Noticed a small abomination
    38 | Abyss:1  | Noticed a tentacled starspawn
    64 | Abyss:1  | Noticed a small abomination
   130 | Abyss:1  | Noticed a ynoxinul
   146 | Abyss:1  | Noticed a demonic crawler
   169 | Abyss:1  | Noticed an insubstantial wisp
   218 | Abyss:1  | Noticed a starcursed mass
   228 | Abyss:1  | Noticed a large abomination
   239 | Abyss:1  | Noticed a large abomination
   242 | Abyss:1  | Noticed a neqoxec
   247 | Abyss:1  | Slain by a neqoxec

Vault maps used:

Table legend:
 A = Non-vault XP
 B = Vault XP
 C = Vault XP percentage of total XP
 D = Non-vault monster count
 E = Vault monster count
 F = Vault count percentage of total count
                 A         B        C        D         E       F
            +---------+---------+-------+---------+---------+-------
      Total |       0 |       0 |   N/A |       0 |       0 |  -nan
            +---------+---------+-------+---------+---------+-------
            +---------+---------+-------+---------+---------+-------
